 Dungeon Crawl Stone Soup version 0.19.0-24-gb05acd6 (webtiles) character file.

1736 Monsterracer the Spear-Bearer (level 9, -13/52 HPs)
             Began as a Tengu Fighter on Nov 22, 2016.
             Was a Follower of Ashenzari.
             Mangled by an orc warrior
             ... wielding a +1 battleaxe of electrocution
              (20 damage)
             ... on level 6 of the Dungeon.
             The game lasted 00:16:58 (6638 turns).

Monsterracer the Spear-Bearer (Tengu Fighter)       Turns: 6638, Time: 00:16:58

Health: -13/52     AC: 13    Str: 17    XL:     9   Next: 5%
Magic:  12/12      EV:  7    Int:  8    God:    Ashenzari [*.....]
Gold:   329        SH:  6    Dex: 17    Spells: 0 memorised, 8 levels left

rFire  . . .     SeeInvis .     w - +0 demon trident (drain) (curse)
rCold  + . .     Gourm    .     l - +0 plate armour (curse)
rNeg   . . .     Faith    .     u - +1 buckler {rC+}
rPois  .         Spirit   .     k - +0 hat (curse)
rElec  .         Reflect  .     d - +0 cloak (curse)
rCorr  +         Harm     .     (no gloves)
MR     .....                    (boots unavailable)
Stlth  ..........               n - amulet of rage (curse)
                                a - ring of resist corrosion
                                o - +2 ring of evasion (curse)

@: no status effects
A: beak, talons 3, able to fly 1
a: Fly, Curse Item, Scrying, Renounce Religion, Evoke Berserk Rage


You were on level 6 of the Dungeon.
You worshipped Ashenzari.
Ashenzari was aware of your devotion.
You were not hungry.

You visited 1 branch of the dungeon, and saw 7 of its levels.

You collected 329 gold pieces.

Inventory:

Hand Weapons
 w - a cursed +0 demon trident of draining (weapon)
Armour
 c - a +0 shield
 d - a cursed +0 cloak (worn)
 k - a cursed +0 hat (worn)
 l - a cursed +0 plate armour (worn)
 u - a +1 buckler of cold resistance (worn)
Rods
 t - a +0 iron rod (11/11)
   (You found it on level 6 of the Dungeon)
Jewellery
 a - a ring of resist corrosion (right hand)
 n - a cursed amulet of rage (around neck)
 o - a cursed +2 ring of evasion (left hand)
Wands
 q - a wand of enslavement (22/24)
 r - a wand of confusion (26/48)
Scrolls
 b - a scroll of amnesia
 e - 6 scrolls of identify
 s - a scroll of fear
Potions
 m - a potion of curing
Comestibles
 f - 3 bread rations
 g - 2 slices of pizza
 h - 3 meat rations
 j - 2 beef jerkies
 p - 7 fruits
 v - a chunk of flesh


   Skills:
 + Level 4.7 Fighting
 * Level 9.9 Polearms
 + Level 5.1 Armour
 + Level 4.6 Shields
 + Level 2.9 Evocations


You had 8 spell levels left.
You didn't know any spells.

Dungeon Overview and Level Annotations

Branches:
Dungeon (7/15)             Temple (0/1) D:4

Altars:
Ashenzari
Dithmenos
Fedhas
Gozag
Makhleb
Ru
Xom
The Shining One

Annotations:
D:7 Menkaure


Innate Abilities, Weirdness & Mutations

You have a beak for a mouth.
You have claws for feet.
You can fly.


Message History

* * * LOW HITPOINT WARNING * * *
The orc warrior hits you with a battleaxe of electrocution.
* * * LOW HITPOINT WARNING * * *
The orc barely misses you.
You hear some strange, mumbled words.
A puff of flame appears from out of thin air!
The puff of flame hits you!
You feel better.
The centaur shoots an arrow.
You block the arrow.
The orc priest hits you but does no damage.
The orc barely misses you. The orc warrior completely misses you.
The orc hits you but does no damage.
The centaur shoots an arrow.
You block the arrow. Something hits you but does no damage. The orc hits you.
* * * LOW HITPOINT WARNING * * *
You block the orc's attack. The orc priest hits you with a mace.
* * * LOW HITPOINT WARNING * * *
You climb upwards.
There is a stone staircase leading down here.
The orc warrior hits you with a battleaxe of electrocution!!
You die...

#..#### #.......### #.....
##...^#####.#...#...# ##...#
.##.#.......#######.#########.#.#
....###......#### #(##.?......#.#
.#...........(..###....#####....#
....##....<.......#.<### #..####
.#.......>....{o#......####.##
##...##.......o>o...#..##...#
...!...........o@..####...###
.....#.............#....###
..?..###..####...#.#.####
.....#.........###.#.#
.......##.########...# ###
.........<..........#### #..
.....######.##...##....## #..
.......#######.#######..#######..
.....#.#^PPPP### ######..........


You could see an orc warrior, an orc priest and 2 orcs.

Vanquished Creatures
  Eustachio (D:5)
  Duvessa (D:5)
  A sky beast (D:6)
  A black bear (D:6)
  A phantom (D:6)
  A necrophage (D:6)
  2 centaurs
  The ghost of Monsterracer the Poker, an amateur TeFi (D:3)
  Blork the orc (D:5)
  A scorpion (D:4)
  Dowan (D:5)
  A crimson imp (D:6)
  A jelly (D:5)
  An orc priest (D:5)
  A gnoll shaman (D:3)
  2 hounds (D:5)
  4 orc wizards
  An iguana (D:4)
  Natasha (thrice) (D:2 D:4)
  4 worker ants
  3 gnolls (D:3)
  9 adders
  4 oozes
  4 adder skeletons
  A worm (D:4)
  3 dart slugs
  2 leopard geckos (D:6)
  16 orcs
  5 giant cockroaches
  3 goblins
  15 hobgoblins
  13 jackals
  5 kobolds
  5 quokkas
  3 ball pythons
  10 bats
  5 frilled lizards
  A jackal skeleton (D:4)
  A leopard gecko skeleton (D:6)
  9 rats
147 creatures vanquished.

Notes
Turn   | Place    | Note
-------+----------+-------------------------------------------
     0 | D:1      | Monsterracer the Tengu Fighter began the quest for the Orb.
     0 | D:1      | Reached XP level 1. HP: 14/14 MP: 2/2
   137 | D:1      | Reached XP level 2. HP: 17/19 MP: 3/3
   139 | D:1      | Reached skill level 3 in Polearms
   442 | D:1      | Found a shattered altar of Ashenzari.
   456 | D:1      | Became a worshipper of Ashenzari the Shackled
   484 | D:1      | Reached XP level 3. HP: 22/23 MP: 4/4
   834 | D:2      | Reached skill level 4 in Polearms
  1359 | D:2      | Noticed Natasha
  1365 | D:2      | Killed Natasha
  1365 | D:2      | Reached XP level 4. HP: 13/28 MP: 5/5
  1683 | D:2      | Reached skill level 5 in Polearms
  1874 | D:2      | Gained mutation: You can fly. [Tengu growth]
  1874 | D:2      | Reached XP level 5. HP: 19/32 MP: 6/6
  2232 | D:3      | Noticed Monsterracer's ghost (amateur TeFi)
  2248 | D:3      | HP: 1/32 [Monsterracer's ghost (4)]
  2869 | D:3      | Reached skill level 6 in Polearms
  2885 | D:3      | Killed Monsterracer's ghost
  2885 | D:3      | Reached XP level 6. HP: 20/37 MP: 7/7
  3183 | D:3      | Reached skill level 7 in Polearms
  3213 | D:3      | Found a shimmering altar of Xom.
  3214 | D:3      | Found a shimmering altar of Xom.
  3233 | D:3      | Found a shimmering altar of Xom.
  3278 | D:3      | Found a shimmering altar of Xom.
  4053 | D:4      | Noticed Natasha
  4066 | D:4      | Killed Natasha
  4076 | D:4      | Found a staircase to the Ecumenical Temple.
  4101 | D:4      | Reached skill level 8 in Polearms
  4101 | D:4      | Reached XP level 7. HP: 19/41 MP: 8/8
  4345 | D:4      | Reached * piety under Ashenzari
  4659 | D:4      | Noticed Natasha
  4667 | D:4      | Killed Natasha
  4761 | D:5      | Entered Level 5 of the Dungeon
  5168 | D:5      | Reached skill level 1 in Evocations
  5226 | D:5      | Noticed Eustachio
  5242 | D:5      | Killed Eustachio
  5276 | D:5      | Reached XP level 8. HP: 42/47 MP: 10/10
  5313 | D:5      | Found a shadowy altar of Dithmenos.
  5332 | D:5      | HP: 2/47 [orc priest/divine providence (15)]
  5410 | D:5      | Reached skill level 9 in Polearms
  5511 | D:5      | Found a burning altar of Makhleb.
  5515 | D:5      | Noticed Blork the orc
  5518 | D:5      | Found an opulent altar of Gozag.
  5527 | D:5      | Killed Blork the orc
  5580 | D:5      | Noticed Dowan
  5581 | D:5      | Noticed Duvessa
  5597 | D:5      | Killed Dowan
  5657 | D:5      | Killed Duvessa
  5663 | D:5      | HP: 1/48 [poisoned by Duvessa]
  6080 | D:6      | Found a blossoming altar of Fedhas.
  6090 | D:6      | Found a glowing golden altar of the Shining One.
  6257 | D:6      | Found a sacrificial altar of Ru.
  6434 | D:6      | Reached skill level 5 in Armour
  6434 | D:6      | Reached XP level 9. HP: 49/51 MP: 10/12
  6539 | D:6      | Identified a scroll of acquirement
  6630 | D:7      | Noticed Menkaure
  6638 | D:6      | Mangled by an orc warrior

Skill      XL: |  1  2  3  4  5  6  7  8 |
---------------+-------------------------+-----
Polearms       | 3 4 5 6 8 9 |  9.9
Evocations     | 1 2 |  2.9
Armour         | 5 |  5.1
Fighting       | 4 |  4.7
Shields        | 4 |  4.6

Action                   |  1- 3 |  4- 6 |  7- 9 || total
-------------------------+-------+-------+-------++-------
Melee: Trident           |   111 |   265 |   288 ||   664
       Peck              |    18 |    58 |    64 ||   140
       Kick              |    14 |    72 |    73 ||   159
Invok: Curse Item        |       |     2 |     4 ||     6
       Scrying           |       |       |     1 ||     1
 Abil: Fly               |       |     1 |       ||     1
       Evoke Berserk Rag |       |       |     2 ||     2
  Use: Potion            |     5 |     4 |     3 ||    12
       Scroll            |       |     4 |     7 ||    11
 Stab: Distracted        |       |     1 |       ||     1
  Eat: Chunk             |     1 |     9 |    11 ||    21
Armor: Scale mail        |    43 |     4 |       ||    47
       Plate armour      |       |   139 |   120 ||   259
Dodge: Dodged            |    30 |    23 |    42 ||    95
Block: Shield            |    49 |    93 |   108 ||   250
       Buckler           |       |       |     3 ||     3
